 Dungeon Crawl Stone Soup version 0.30.0-5-g1a98f26d00 (webtiles) character file.

Game seed: 1104736436702223222

78596 Jackthecabe the Djinni Catastrophe (level 16, -7/118 HPs)
             Began as a Djinni Ice Elementalist on May 10, 2023.
             Was an Elder of Qazlal.
             Mangled by a juggernaut zombie (50 damage)
             ... led by a necromancer
             ... on level 1 of the Depths.
             The game lasted 01:14:32 (27438 turns).

Jackthecabe the Djinni Catastrophe (DjIE)          Turns: 27438, Time: 01:14:33

Health: -7/118     AC: 11    Str:  4    XL:     16   Next: 8%
Gold:   673        EV:  8    Int: 31    God:    Qazlal [****..] SH: 17 Dex: 17

rFire   + + +        a - +8 autumn katana {manifold assault}
rCold   . . .        y - +0 kite shield {AC+3}
rNeg    . . .        J - +2 leather armour {rF+}
rPois   ∞            I - +0 helmet {Int+3}
rElec   .            w - +0 cloak
rCorr   +            L - +0 pair of gloves
SInv    .            (boots unavailable)
Will    +....        d - amulet of regeneration
Stlth   +            D - ring of Wieb {*Slow rPois rCorr Str-3 Int+6}
HPRegen 1.19/turn    c - ring of protection from cold
MPRegen 0.00/turn

%: slow self (1%), repel missiles, infuse magic (-8 HP)
@: flying
A: sickness immunity, fire resistance 2, cold vulnerability 1, float, innate
caster, HP casting, extra vitality 1
a: Renounce Religion, Upheaval, Elemental Force


You were on level 1 of the Depths.
You worshipped Qazlal.
Qazlal was greatly pleased with you.
You visited 3 branches of the dungeon, and saw 18 of its levels.
You also visited: Bailey.

You collected 2513 gold pieces.
You spent 1840 gold pieces at shops.


Innate Abilities, Weirdness & Mutations

You are immune to sickness and miasma.
You are immune to poison.
Your flesh is very heat resistant. (rF++)
You are vulnerable to cold. (rC-)
You float through the air rather than walking.
You learn spells naturally, not from books.
Your magical power is your life essence.
You have superior vitality. (+4 MHP)


   Skills:
 - Level 12.0 Fighting
 - Level 8.0 Long Blades
 - Level 2.1 Dodging
 - Level 1.5 Stealth
 - Level 10.0 Shields
 + Level 11.9 Spellcasting
 + Level 15.1 Invocations
 - Level 2.0 Evocations


You knew the following spells:

 Your Spells              Type           Power      Damage    Failure   Level
b - Summon Ice Beast      Ice/Summ       75%        N/A       2%          4
c - Call Imp              Summ           100%       N/A       1%          2
d - Death Channel         Necr           37%        N/A       32%         6
e - Ensorcelled Hibernat  Hex/Ice        100%       N/A       1%          2
f - Freeze                Ice            100%       1d10      1%          1
g - Gell's Gravitas       Tloc           75%        N/A       1%          3
h - Blade Hands           Tmut           37%        N/A       6%          5
l - Fireball              Conj/Fire      37%        3d15      6%          5
o - Ozocubu's Armour      Ice            75%        N/A       1%          3
r - Frozen Ramparts       Ice            100%       1d16      1%          3
z - Sandblast             Erth           100%       2d20      1%          1
Your spell library was empty.

Inventory:

Hand Weapons
 a - the +8 autumn katana (weapon) {manifold assault}
   (You bought it in a shop on level 2 of the Orcish Mines)
 s - a +1 spear of flaming
Missiles
 e - 30 poisoned darts
 M - 7 boomerangs of dispersal {=f}
Armour
 w - a +0 cloak (worn)
 y - a +0 kite shield of protection (worn)
 I - a +0 helmet of intelligence (worn)
 J - a +2 leather armour of fire resistance (worn)
 L - a +0 pair of gloves (worn)
Magical Staves
 b - a staff of fire {!a}
 k - a staff of conjuration {!a}
Jewellery
 c - a ring of protection from cold (right hand)
 d - an amulet of regeneration (around neck)
 C - a ring of ice
 D - the ring of Wieb (left hand) {*Slow rPois rCorr Str-3 Int+6}
   (You took it off a centaur warrior on level 11 of the Dungeon)

   [ring of intelligence]

   Str:       It affects your strength (-3).
   Int:       It affects your intelligence (+6).
   rPois:     It protects you from poison.
   rCorr:     It protects you from acid and corrosion.
   *Slow:     It may slow you when you take damage.
 E - a +5 ring of evasion
 Z - a ring of wizardry
Wands
 p - a wand of polymorph (11)
 x - a wand of flame (49)
 A - a wand of paralysis (35)
 B - a wand of mindburst (27)
 K - a wand of quicksilver (28)
 T - a wand of iceblast (10)
Scrolls
 f - 8 scrolls of teleportation {@r2}
 h - a scroll of butterflies
 l - 2 scrolls of blinking
 m - 2 scrolls of enchant weapon
 o - 3 scrolls of enchant armour
 q - 2 scrolls of vulnerability
 u - 2 scrolls of poison
 G - a scroll of magic mapping
 H - 2 scrolls of identify {@r1}
 N - 2 scrolls of immolation
 Q - a scroll of silence {!r}
 S - 2 scrolls of fear
 X - 3 scrolls of fog
Potions
 g - 11 potions of heal wounds {@q2}
 i - 2 potions of cancellation
 j - 7 potions of curing {@q1}
 n - a potion of ambrosia
 t - 5 potions of berserk rage {!q}
 v - 2 potions of haste {@q3}
 z - 3 potions of lignification
 F - a potion of brilliance
 P - a potion of resistance
 R - 5 potions of mutation
 U - 3 potions of attraction
 V - a potion of might
Miscellaneous
 r - a box of beasts
 W - a condenser vane (inert)

Dungeon Overview and Level Annotations

Branches:
Dungeon (15/15)            Temple (0/1) D:6            Lair (0/5) D:8
    Orc (2/2) D:10            Elf (0/3) Orc:2        Vaults (0/5) D:13
 Depths (1/4) D:15         Bailey (visited)

Altars:
Cheibriados
Dithmenos
Gozag
Hepliaklqana
Nemelex Xobeh
Qazlal
Ru
Uskayaw
Wu Jian
Yredelemnul
Zin

Shops:
D:3 *   D:4 [   D:8 (   D:11 *(*   D:14 [   Orc:2 [((==

Portals:
Abyss: Depths:1

Annotations:
D:6 1 runed translucent door, Crazy Yiuf
D:10 1 runed translucent door, qeuew's ghost, journeyman GrFi

.#####.....+ ##'#.....#
..#..##....# #.......#
..#...#...#### #.......#
..'..###'##..####.∩#####
..#..#..........#..'...#
'###'##.........'..#...#
......#.........####.###
......#...[...§Z[°.###
▒▒...Z##.....[[Z@...(#
.▒#....'.....[§..Z...#
..######.............#
.▒.# ####.......####
.▒.+ #.......# .▒.#
#...##### .Z.# #...##
.#.+ #...# . ## #####


You could see a titan zombie, a juggernaut zombie and a hell knight skeleton.


Message History

Aiming: Fireball (dangerous; 6% risk of failure)
Press: ? - help, Shift-Dir - straight line The fireball explodes!
The fireball engulfs the juggernaut zombie!!
The juggernaut zombie is heavily damaged.
You block the juggernaut zombie's attack.
The juggernaut zombie hits you but does no damage.
You block the titan zombie's attack.
Casting: Fireball (dangerous; 6% risk of failure)
Confirm with . or Enter, or press ? or * to list all spells.
Aiming: Fireball (dangerous; 6% risk of failure)
Press: ? - help, Shift-Dir - straight line The fireball explodes!
The fireball engulfs the juggernaut zombie but does no damage.
The juggernaut zombie is heavily damaged.
The titan zombie hits you!!
Unknown command.
Casting: Fireball (dangerous; 6% risk of failure)
Confirm with . or Enter, or press ? or * to list all spells.
Aiming: Fireball (dangerous; 6% risk of failure)
Press: ? - help, Shift-Dir - straight line The fireball explodes!
The fireball engulfs the juggernaut zombie!!
The juggernaut zombie is severely damaged.
The hell knight skeleton is engulfed in freezing vapours.
The hell knight skeleton barely misses you.
The titan zombie hits you!!
* * * LOW HITPOINT WARNING * * *
The juggernaut zombie hits you!!!
You die...

Skill      XL: |  1  2  3  4  5  6  7  8  9 10 11 12 13 14 15 |
---------------+----------------------------------------------+-----
Spellcasting   | 4 5 6 7 8 9 10 11 | 11.9
Invocations    | 1 2 3 5 7 8 10 11 13 14 15 | 15.1
Fighting       | 2 7 10 12 | 12.0
Shields        | 3 8 10 | 10.0
Long Blades    | 4 8 |  8.0
Evocations     | 2 |  2.0
Dodging        | |  2.1
Stealth        | |  1.5

Action                     |  1- 3 |  4- 6 |  7- 9 | 10-12 | 13-15 | 16-18 || total
---------------------------+-------+-------+-------+-------+-------+-------++-------
  Melee: Dagger            |     2 |       |       |       |       |       ||     2
         Spear             |       |    35 |    43 |    61 |       |       ||   139
         Punch             |       |       |       |     2 |       |       ||     2
         Staff             |       |       |       |       |     3 |       ||     3
         Katana            |       |       |       |       |   225 |       ||   225
  Throw: Dart              |       |       |       |     4 |       |       ||     4
   Cast: Freeze            |    44 |    52 |    18 |    28 |    12 |    15 ||   169
         Sandblast         |     6 |     6 |    40 |    97 |    13 |       ||   162
         Frozen Ramparts   |     2 |    14 |    25 |    32 |     8 |     2 ||    83
         Call Imp          |       |     2 |    14 |    13 |     1 |       ||    30
         Ozocubu's Armour  |       |     2 |     8 |     4 |     2 |       ||    16
         Summon Ice Beast  |       |     1 |    10 |    11 |     3 |       ||    25
         Gell's Gravitas   |       |       |       |     6 |     4 |       ||    10
         Fireball          |       |       |       |   126 |   295 |    13 ||   434
 Invoke: Upheaval          |       |       |       |       |    18 |       ||    18
         Elemental Force   |       |       |       |       |     1 |       ||     1
  Evoke: Wand              |       |       |     5 |     6 |       |       ||    11
         Condenser vane    |       |       |       |       |     1 |       ||     1
    Use: Potion            |       |       |     1 |       |     5 |       ||     6
         Scroll            |       |       |     5 |     4 |    13 |       ||    22
   Stab: Paralysed         |       |       |     3 |       |       |       ||     3
         Distracted        |       |       |       |     1 |     1 |       ||     2
         Confused          |       |       |       |       |     1 |       ||     1
 Armour: Robe              |    10 |     6 |    23 |     7 |       |       ||    46
         Leather armour    |       |       |       |    38 |    46 |     5 ||    89
         Skin              |       |       |       |     1 |       |       ||     1
  Dodge: Dodged            |    18 |    26 |    82 |   169 |    95 |     8 ||   398
         Repelled          |       |       |       |       |     6 |     1 ||     7
  Block: Other             |       |     4 |    23 |    48 |    32 |       ||   107
         Kite shield       |       |       |       |    16 |    81 |    18 ||   115

Levels and vault maps discovered:
D:1:      minmay_arrival_four_loops, layout_basic, serial_corexii_hall,
          chequers_hall_statues_y, chequers_hall_statues_corner_a
D:2:      layout_basic, shapermc_ecumenical_altar_mp_highgroup
D:3:      layout_loops_cross, lemuel_doored_altar, zin_purify,
          mainiacjoe_overflow_cross_hatched, nicolae_wu_jian_glorious_leap
D:4:      layout_loops_ring, serial_shops, shop, minmay_strange_pillars,
          nicolae_nh_ransacked_shop, uniq_robin
D:5:      gammafunk_steamed_eel, layout_loops_ring,
          mainiacjoe_overflow_concentric_impassable,
          mainiacjoe_overflow_chevrons, uniq_prince_ribbit1, uniq_edmund
D:6:      layout_layer_cave, minmay_temple_entry_gardened_gates,
          uniq_crazy_yiuf_cottage, uniq_duvessa
D:7:      minmay_s_stair_smasher, layout_basic, kennysheep_mini, st_stairs_13,
          minmay_fire_ice_demons
D:8:      layout_rooms, mainiacjoe_overflow_brackets, mainiacjoe_overflow_paths,
          nemelex_diamond_rough_becter, minmay_lair_entry_grove, enter_bailey_4,
          serial_shops, nicolae_shop_dealshenge
D:9:      layout_layer_cave, hangedman_misty_isle, uniq_amaemon, uniq_psyche,
          uniq_joseph, uniq_maggie
D:10:     layout_loops_ring, kennysheep_vampire_church, lemuel_crystal_altar,
          nzn_hepliaklqana_mist_gate, orc_0_dummy, ebering_ghost_inner_flame
D:11:     minmay_wavy_crystal, layout_cross, serial_shops,
          nicolae_shop_peninsula, shop, shop
D:12:     layout_loops_cross, nicolae_figureground_pulse, uniq_nessos
D:13:     layout_rooms, grunt_vaults_entry_tiered, grunt_ministairs_1,
          nicolae_ru_sacrificial_ziggurat, uniq_lodul
D:14:     layout_basic, serial_shops, nicolae_shop_peninsula
D:15:     gammafunk_depths_entry_grave, layout_loops_ring,
          chequers_serial_rivers_micro_e
Orc:1:    layout_caves, basic_altar
Orc:2:    st_orc_ogre_mass, layout_caves, serial_shops,
          nicolae_shop_rolling_square, portal_ice_cave_entry_imps
Depths:1: layout_honeycomb, hell_entry, chequers_jeans, abyss_entry,
          nicolae_concentric_dashed_squares_wild, kennysheep_path_1,
          hangedman_decor_growths, kennysheep_underground_church,
          grunt_megastairs_2

Notes
Turn   | Place    | Note
-------+----------+-------------------------------------------
     0 | D:1      | Jackthecabe the Djinni Ice Elementalist began the quest for
                  | the Orb.
     0 | D:1      | Jackthecabe set off with the following spells memorised:
                  | Freeze, Frozen Ramparts, Ozocubu's Armour, Summon Ice
                  | Beast.
     0 | D:1      | Reached XP level 1. HP: 15/15 MP: 0/0
   287 | D:1      | Reached XP level 2. HP: 19/21 MP: 0/0
   503 | D:1      | Reached XP level 3. HP: 24/25 MP: 0/0
   503 | D:1      | Learned a level 1 spell: Sandblast
   885 | D:2      | Reached skill level 4 in Spellcasting
  1227 | D:2      | Found a faded altar of an unknown god.
  1435 | D:2      | Prayed at the altar of an unknown god.
  1435 | D:2      | Became a worshipper of Qazlal Stormbringer
  1435 | D:2      | Reached * piety under Qazlal
  1535 | D:2      | Reached XP level 4. HP: 27/31 MP: 0/0
  1645 | D:2      | Reached skill level 1 in Invocations
  2101 | D:3      | Found an ornate altar of the Wu Jian Council.
  2208 | D:3      | Found Zin's Purification Station.
  2215 | D:3      | Found a glowing silver altar of Zin.
  2402 | D:3      | Reached ** piety under Qazlal
  2418 | D:3      | Found a stormy altar of Qazlal.
  2599 | D:4      | Reached XP level 5. HP: 31/35 MP: 0/0
  2599 | D:4      | Learned a level 2 spell: Call Imp
  2621 | D:4      | Reached skill level 2 in Invocations
  3141 | D:4      | Found Uqixut's Antique Armour Shoppe.
  3308 | D:4      | Reached XP level 6. HP: 19/40 MP: 0/0
  3310 | D:4      | Reached skill level 3 in Invocations
  3476 | D:4      | Noticed Robin
  3498 | D:4      | Killed Robin
  3499 | D:4      | Reached skill level 5 in Spellcasting
  3791 | D:4      | HP: 4/40 [gnoll sergeant/+0 spear (5)]
  3952 | D:5      | Entered Level 5 of the Dungeon
  3987 | D:5      | Reached XP level 7. HP: 37/45 MP: 0/0
  3987 | D:5      | Learned a level 2 spell: Ensorcelled Hibernation
  4049 | D:5      | Reached skill level 4 in Invocations
  4054 | D:5      | Noticed a water moccasin
  4061 | D:5      | Killed a water moccasin
  4197 | D:5      | Found a shadowy altar of Dithmenos.
  4243 | D:5      | HP: 4/45 [centaur (3)]
  4248 | D:5      | Reached skill level 6 in Spellcasting
  4248 | D:5      | Reached skill level 5 in Invocations
  4248 | D:5      | Reached XP level 8. HP: 28/50 MP: 0/0
  4254 | D:5      | Noticed Prince Ribbit
  4258 | D:5      | Killed Prince Ribbit
  4377 | D:5      | Noticed Edmund
  4402 | D:5      | Killed Edmund
  4403 | D:5      | Reached skill level 6 in Invocations
  4519 | D:5      | Found a transporter.
  4609 | D:5      | Found a snail-covered altar of Cheibriados.
  4755 | D:5      | Found a transporter.
  4931 | D:6      | Found a staircase to the Ecumenical Temple.
  4996 | D:6      | Noticed a hornet
  5003 | D:6      | Killed a hornet
  5003 | D:6      | Reached *** piety under Qazlal
  5004 | D:6      | Reached skill level 7 in Invocations
  5004 | D:6      | Reached XP level 9. HP: 40/55 MP: 0/0
  5004 | D:6      | Learned a level 3 spell: Gell's Gravitas
  5119 | D:6      | Reached skill level 7 in Spellcasting
  5524 | D:6      | Noticed Duvessa
  5527 | D:6      | Killed Duvessa
  5530 | D:6      | Noticed Dowan
  5533 | D:6      | Killed Dowan
  5719 | D:6      | Found a runed translucent door.
  5720 | D:6      | Noticed Crazy Yiuf
  5828 | D:6      | Reached skill level 8 in Invocations
  6547 | D:7      | Reached skill level 1 in Fighting
  6610 | D:7      | Found an opulent altar of Gozag.
  6661 | D:7      | Reached skill level 2 in Fighting
  7185 | D:6      | Reached XP level 10. HP: 50/66 MP: 0/0
  7516 | D:7      | Reached skill level 3 in Fighting
  7516 | D:7      | Reached skill level 8 in Spellcasting
  7541 | D:7      | Reached skill level 9 in Invocations
  7839 | D:7      | Reached skill level 4 in Fighting
  7980 | D:7      | Reached **** piety under Qazlal
  8494 | D:7      | Reached skill level 5 in Fighting
  8674 | D:7      | Identified the +0 leather armour "Biowoteo" {Harm Str+3}
  8758 | D:7      | Reached skill level 10 in Invocations
  8877 | D:4      | Bought a glowing helmet for 202 gold pieces
  8877 | D:4      | Bought a dyed leather armour for 135 gold pieces
  9025 | D:7      | Reached skill level 6 in Fighting
  9750 | D:8      | Found a flagged portal.
  9791 | D:8      | Reached skill level 7 in Fighting
  9799 | Bailey   | Entered a bailey
 10090 | Bailey   | Reached XP level 11. HP: 68/79 MP: 0/0
 10090 | Bailey   | Learned a level 5 spell: Fireball
 10183 | Bailey   | Noticed an orc knight
 10208 | Bailey   | Killed an orc knight
 10209 | Bailey   | Reached skill level 8 in Fighting
 10348 | Bailey   | Identified a +1 crystal plate armour
 10348 | Bailey   | Noticed an orc knight
 10373 | Bailey   | Killed an orc knight
 10481 | Bailey   | Noticed an orc knight
 10581 | Bailey   | Killed an orc knight
 10686 | D:8      | Reached skill level 9 in Fighting
 11264 | D:8      | Reached skill level 9 in Spellcasting
 11534 | D:8      | Found a staircase to the Lair.
 11547 | D:8      | Found Ethiosta's Antique Weapon Boutique.
 11601 | D:8      | Reached ***** piety under Qazlal
 11604 | D:8      | Reached skill level 10 in Fighting
 11736 | D:8      | Found a sparkling altar of Nemelex Xobeh.
 11961 | D:8      | Found a hide-covered altar of Uskayaw.
 12031 | D:9      | Noticed a two-headed ogre
 12040 | D:8      | Killed a two-headed ogre
 12249 | D:9      | Noticed Psyche
 12252 | D:9      | Killed Psyche
 12253 | D:9      | Reached XP level 12. HP: 91/91 MP: 0/0
 12257 | D:9      | Noticed Joseph
 12262 | D:9      | Killed Joseph
 12493 | D:9      | You are sucked into a shaft and drop 1 floor!
 12493 | D:10     | Entered Level 10 of the Dungeon
 12655 | D:10     | Found a staircase to the Orcish Mines.
 12708 | D:10     | Found a runed translucent door.
 12869 | D:9      | Reached skill level 11 in Fighting
 12939 | D:9      | Noticed Maggie
 12943 | D:9      | Killed Maggie
 12944 | D:9      | Reached skill level 10 in Spellcasting
 13196 | D:9      | Noticed Amaemon
 13233 | D:9      | Killed Amaemon
 14012 | D:10     | Found a basalt altar of Yredelemnul.
 14212 | D:10     | Noticed qeuew's ghost (journeyman GrFi)
 14561 | D:10     | Found a hazy altar of Hepliaklqana.
 14756 | D:11     | Noticed a two-headed ogre
 14756 | D:11     | Found Hisselext's General Store.
 14759 | D:11     | Killed a two-headed ogre
 14767 | D:11     | Reached skill level 12 in Fighting
 15408 | D:11     | Bought a potion of attraction for 45 gold pieces
 15408 | D:11     | Bought a scroll of identify for 30 gold pieces
 15408 | D:11     | Bought a potion of mutation for 120 gold pieces
 15408 | D:11     | Bought a potion of might for 60 gold pieces
 15415 | D:11     | Identified a potion of resistance
 15449 | D:11     | Found Zunlozem's Weapon Boutique.
 15472 | D:11     | Identified the ring of Wieb {*Slow rPois rCorr Str-3 Int+6}
 15472 | D:11     | Noticed a centaur warrior
 15481 | D:11     | Killed a centaur warrior
 15906 | D:11     | Reached skill level 1 in Shields
 15906 | D:11     | Reached skill level 11 in Invocations
 16149 | D:11     | Reached skill level 2 in Shields
 16297 | D:11     | Found Iggu's Assorted Antiques.
 16335 | D:12     | Noticed a boulder beetle
 16601 | D:12     | Killed a boulder beetle
 16602 | D:12     | Reached skill level 3 in Shields
 16602 | D:12     | Reached XP level 13. HP: 82/101 MP: 0/0
 16602 | D:12     | Learned a level 5 spell: Blade Hands
 16687 | D:12     | Noticed Nessos
 16692 | D:12     | Killed Nessos
 16788 | D:12     | Identified the +3 robe of Coylo {Regen+ rCorr Str+2 Int-4}
 16796 | D:12     | Reached skill level 4 in Shields
 17285 | D:12     | Reached skill level 12 in Invocations
 17714 | D:12     | Reached skill level 5 in Shields
 17911 | Orc:1    | Entered Level 1 of the Orcish Mines
 18658 | Orc:1    | Reached skill level 6 in Shields
 19305 | Orc:2    | Entered Level 2 of the Orcish Mines
 19317 | Orc:2    | Noticed an ettin
 19544 | Orc:2    | Reached skill level 7 in Shields
 19717 | Orc:2    | Noticed an ogre mage
 19720 | Orc:2    | Reached skill level 13 in Invocations
 19721 | Orc:2    | Killed an ogre mage
 19728 | Orc:2    | Noticed an ogre mage
 19728 | Orc:2    | Noticed an ogre mage
 19729 | Orc:2    | Reached skill level 8 in Shields
 19730 | Orc:2    | Killed an ogre mage
 20107 | Orc:2    | Killed an ogre mage
 20108 | Orc:2    | Reached XP level 14. HP: 97/107 MP: 0/0
 20428 | Orc:1    | HP: 5/107 [ettin/+0 dire flail (23)]
 20474 | Orc:1    | Reached skill level 9 in Shields
 21021 | Orc:2    | Found Huapa's Antique Armour Emporium.
 21021 | Orc:2    | Found Kuinni's Antique Weapon Shop.
 21022 | Orc:2    | Found Laluq's Weapon Shop.
 21022 | Orc:2    | Found Jolahas's Jewellery Shoppe.
 21066 | Orc:2    | Found a staircase to the Elven Halls.
 21206 | Orc:2    | Found Defueval's Jewellery Boutique.
 21444 | Orc:2    | Bought the +8 autumn katana {manifold assault} for 656 gold
                  | pieces
 21444 | Orc:2    | Found the +8 autumn katana {manifold assault}
 21453 | Orc:2    | Bought an opalescent robe for 142 gold pieces
 21453 | Orc:2    | Identified the +1 robe of Addudur {rF++ Str-2 Slay+6 SInv}
                  | (You bought it in a shop on level 2 of the Orcish Mines)
 21606 | D:13     | Noticed Lodul
 21622 | D:12     | Killed Lodul
 21891 | D:12     | Reached skill level 1 in Long Blades
 22067 | D:13     | Reached skill level 14 in Invocations
 22097 | D:13     | Reached skill level 2 in Long Blades
 22615 | Orc:2    | Bought an amulet of regeneration for 450 gold pieces
 22796 | D:13     | Reached skill level 10 in Shields
 22799 | D:13     | Reached skill level 3 in Long Blades
 23265 | D:13     | Reached skill level 4 in Long Blades
 23342 | D:13     | Reached skill level 1 in Evocations
 23545 | D:13     | Found a sacrificial altar of Ru.
 23603 | D:13     | Found a gate to the Vaults.
 24040 | D:14     | Reached skill level 2 in Evocations
 24051 | D:14     | Reached XP level 15. HP: 65/112 MP: 0/0
 24051 | D:14     | Learned a level 6 spell: Death Channel
 24251 | D:14     | Reached skill level 5 in Long Blades
 24502 | D:14     | Reached skill level 15 in Invocations
 24692 | D:14     | Found Ajaneinn's Armour Boutique.
 24985 | D:15     | Entered Level 15 of the Dungeon
 24996 | D:15     | Reached skill level 6 in Long Blades
 25554 | D:15     | Reached skill level 11 in Spellcasting
 25566 | D:15     | Reached skill level 7 in Long Blades
 25850 | D:15     | Found a staircase to the Depths.
 26506 | Depths:1 | Entered Level 1 of the Depths
 26521 | Depths:1 | Reached skill level 8 in Long Blades
 26784 | Depths:1 | Found a one-way gate to the infinite horrors of the Abyss.
 26825 | Depths:1 | Noticed a green very ugly thing
 26829 | Depths:1 | Noticed a green very ugly thing
 26831 | Depths:1 | Noticed a green very ugly thing
 26835 | Depths:1 | Killed a green very ugly thing
 26839 | Depths:1 | Killed a green very ugly thing
 26851 | Depths:1 | Killed a green very ugly thing
 27073 | Depths:1 | Noticed a stone giant
 27091 | Depths:1 | Killed a stone giant
 27092 | Depths:1 | Reached XP level 16. HP: 71/118 MP: 0/0
 27438 | Depths:1 | Mangled by a juggernaut zombie

Vanquished Creatures
  3 very ugly things (Depths:1)
  2 stone giants (Depths:1)
  Nessos (D:12)
  An ettin (Orc:1)
  2 fire dragons (Depths:1)
  A rakshasa (D:14)
  3 vault guards (D:13)
  4 centaur warriors
  A boulder beetle (D:12)
  5 ogre magi
  21 two-headed ogres
  A vampire mage (D:15)
  3 hell knights (Depths:1)
  A titan skeleton (D:15)
  Amaemon (D:9)
  Lodul (D:12)
  4 skeletal warriors
  4 orc knights
  A tengu zombie (D:15)
  2 deep elf pyromancers
  6 necromancers
  2 wizards
  17 ugly things
  4 manticores
  2 stone giant zombies (D:15)
  8 cyclopes
  A wolf spider (D:11)
  A salamander (shapeshifter) (D:14)
  Joseph (D:9)
  An orange demon (D:9)
  3 gargoyles
  Maggie (D:9)
  An unseen horror (D:10)
  Psyche (D:9)
  A tengu conjurer (D:14)
  2 komodo dragons (D:13)
  An efreet (D:13)
  A guardian mummy (D:15)
  5 trolls
  2 hornets
  Prince Ribbit (D:5)
  2 shadows
  12 slime creatures
  3 wraiths
  2 vampires
  4 wyverns
  A human (shapeshifter) (D:13)
  17 humans
  11 yaks (D:8)
  3 basilisks
  3 steam dragons
  2 vampire mosquitoes (D:15)
  2 acid dragons (D:12)
  3 wargs
  10 water moccasins
  Duvessa (D:6)
  An ice beast (D:6)
  17 orc warriors
  3 black bears
  3 sky beasts (D:9)
  26 ogres
  3 wolves (D:8)
  9 centaurs
  2 kobold brigands
  5 bullfrogs
  2 gnoll sergeants
  A scorpion (D:6)
  9 wights
  Dowan (D:6)
  10 killer bees (D:7)
  2 vampire bats (D:10)
  2 electric eels (D:5)
  4 howler monkeys
  A crimson imp (D:7)
  A hound (D:5)
  4 jellies
  A gnoll bouda (D:6)
  12 orc priests
  An iguana (D:4)
  15 orc wizards
  Robin (D:4)
  22 gnolls
  6 adders
  A shadow imp (D:6)
  13 white imps
  2 ufetubi
  4 dart slugs
  69 orcs
  5 ball pythons
  4 bats
  2 bat skeletons (D:10)
  3 bat zombies (D:10)
  8 endoplasms
  3 giant cockroaches (D:3)
  16 goblins
  13 hobgoblins
  4 quokkas
  4 frilled lizards
  9 kobolds
  10 rats
534 creatures vanquished.

Vanquished Creatures (collateral kills)
  A hell knight (Depths:1)
  2 necromancers
  A troll (D:10)
  A human (D:13)
  Edmund (D:5)
  An ice beast (D:7)
  An ogre (D:5)
  2 centaurs
  A gnoll sergeant (D:4)
  A scorpion (D:6)
  2 wights (D:7)
  An iguana (D:7)
  An orc wizard (D:7)
  A white imp (D:7)
  An ufetubus (D:5)
  3 orcs
21 creatures vanquished.

Grand Total: 555 creatures vanquished

Table legend: (Time is in decaauts)
 A = Elapsed time spent in this place.
 B = Non-inter-level travel time spent in this place.
 C = Inter-level travel time spent in this place.
 D = Time resting spent in this place.
 E = Time spent auto-exploring this place.
 F = Levels seen in this place.
 G = Mean time per level.
                   A        B        C        D        E       F      G
               +--------+--------+--------+--------+--------+-----+--------+
         Total |  27589 |  25808 |   1781 |   9509 |  12487 |  19 | 1452.1 |
       Dungeon |  23501 |  21893 |   1608 |   7755 |  11078 |  15 | 1566.7 |
  Orcish Mines |   2558 |   2420 |    138 |   1247 |    811 |   2 | 1279.0 |
        Depths |    653 |    619 |     34 |    327 |    108 |   1 |  653.0 |
        Bailey |    875 |    875 |      0 |    180 |    490 |   1 |  875.0 |
               +--------+--------+--------+--------+--------+-----+--------+

Top non-repeatable levels by time:
     D:6: 3243 daAuts
    D:10: 2943 daAuts
    D:12: 2336 daAuts
     D:7: 2169 daAuts
   Orc:1: 1732 daAuts
     D:9: 1459 daAuts
    D:11: 1419 daAuts
    D:15: 1377 daAuts
     D:4: 1372 daAuts
    D:14: 1355 daAuts
    D:13: 1159 daAuts
     D:2: 1061 daAuts
     D:5: 1007 daAuts
     D:8: 958 daAuts
  Bailey: 875 daAuts

Table legend:
 A = Non-vault XP
 B = Vault XP
 C = Vault XP percentage of total XP
 D = Non-vault monster count
 E = Vault monster count
 F = Vault count percentage of total count
                 A         B        C        D         E       F
            +---------+---------+-------+---------+---------+-------
      Total |   66233 |   46048 |  41.0 |     359 |     196 |  35.3
            +---------+---------+-------+---------+---------+-------
        D:1 |      31 |       0 |   0.0 |      21 |       0 |   0.0
        D:2 |      56 |       0 |   0.0 |      18 |       0 |   0.0
        D:3 |      41 |       0 |   0.0 |      18 |       0 |   0.0
        D:4 |     247 |     120 |  32.7 |      18 |      16 |  47.1
        D:5 |     673 |     563 |  45.6 |      14 |       4 |  22.2
        D:6 |    1446 |     488 |  25.2 |      32 |       5 |  13.5
        D:7 |    1933 |    1663 |  46.2 |      30 |      19 |  38.8
        D:8 |    3800 |    1792 |  32.0 |      21 |      17 |  44.7
        D:9 |    1181 |    3264 |  73.4 |      20 |      11 |  35.5
       D:10 |    2178 |     122 |   5.3 |      18 |       7 |  28.0
       D:11 |    3311 |    1872 |  36.1 |      16 |       3 |  15.8
       D:12 |    5171 |    2317 |  30.9 |      13 |       5 |  27.8
       D:13 |    6116 |    9466 |  60.7 |      15 |      30 |  66.7
       D:14 |   13198 |       0 |   0.0 |      27 |       0 |   0.0
       D:15 |   10401 |    5044 |  32.7 |      23 |       8 |  25.8
      Orc:1 |    2569 |    1866 |  42.1 |      22 |       4 |  15.4
      Orc:2 |     709 |   15089 |  95.5 |      17 |      42 |  71.2
   Depths:1 |   13172 |       0 |   0.0 |      16 |       0 |   0.0
     Bailey |       0 |    2382 | 100.0 |       0 |      25 | 100.0
            +---------+---------+-------+---------+---------+-------
